 Dungeon Crawl Stone Soup version 0.24.0-125-gc4c63601f3 (webtiles) character file.

Game seed: 5128131916632816285, levelgen mode: deterministic

12 Descartes the Scratcher (level 2, -1/12 HPs)
             Began as a Felid Transmuter on Feb 19, 2020.
             Slain by a hobgoblin (2 damage)
             ... on level 1 of the Dungeon.
             The game lasted 00:00:58 (154 turns).

Descartes the Scratcher (Felid Transmuter)           Turns: 154, Time: 00:00:59

Health: -1/12      AC:  1    Str:  6    XL:     2   Next: 20%
Magic:  6/6        EV: 18    Int: 14    God:
Gold:   19         SH:  0    Dex: 16    Spells: 4/5 levels left
                                        Lives:  0   Deaths: 0

rFire    . . .     SeeInvis +     - Unarmed
rCold    . . .     Gourm    .   (shield unavailable)
rNeg     . . .     Faith    .   (armour unavailable)
rPois    .         Spirit   .   (helmet unavailable)
rElec    .         Reflect  .   (cloak unavailable)
rCorr    .         Harm     .   (gloves unavailable)
MR       .....                  (boots unavailable)
Stlth    ++........             (no amulet)
HPRegen  0.04/turn              (no ring)
MPRegen  0.10/turn              (no ring)

@: quick
A: very small, no armour, no weapons or thrown items, stealth, claws 1, fangs 3,
see invisible, carnivore, speed 1, shaggy fur 1, slow metabolism 1, sharp paws
a: no special abilities


You were on level 1 of the Dungeon.
You were not hungry.

You visited 1 branch of the dungeon, and saw 1 of its levels.

You collected 19 gold pieces.

Inventory:

Missiles
 a - 12 arrows
 d - 4 stones
Scrolls
 e - a scroll of blinking {unknown}
 f - a scroll of amnesia {unknown}
Potions
 b - 2 potions of invisibility {unknown}
Comestibles
 c - a ration


   Skills:
 + Level 1.1 Fighting
 + Level 2.8 Dodging
 * Level 1.5 Stealth
 * Level 3.1 Unarmed Combat
 + Level 2.0 Spellcasting
 + Level 2.3 Transmutations


You had 4 spell levels left.
You knew the following spells:

 Your Spells              Type           Power        Failure   Level  Hunger
a - Beastly Appendage     Tmut           #.....       10%         1    ##.....

Your spell library contained the following spells:

 Spells                   Type           Power        Failure   Level  Hunger
 Sticks to Snakes         Tmut           #.......     14%         2    ###....
 Spider Form              Tmut/Pois      #.........   41%         3    ####...
 Ice Form                 Ice/Tmut       #.......     82%         4    #####..
 Blade Hands              Tmut           #.........   95%         5    ######.


Dungeon Overview and Level Annotations

Branches:
Dungeon (1/15)

Altars:


Innate Abilities, Weirdness & Mutations

You cannot wear armour.
You are incapable of wielding weapons or throwing items.
Your paws allow you to move quietly. (Stealth)
You have sharp claws.
You have razor-sharp teeth.
You have supernaturally acute eyesight. (SInv)
You are carnivorous and can eat meat at any time.
You cover ground quickly.
You are covered in fur. (AC +1)
You have a slow metabolism.
Your sharp claws are effective at attacking unaware monsters.


Message History

You kill the jackal!
You closely miss the hobgoblin.
The hobgoblin is severely wounded.
The hobgoblin completely misses you.
You scratch the hobgoblin.
You bite the hobgoblin, but do no damage.
The hobgoblin is almost dead.
You scratch the jackal.
You kill the jackal!
The hobgoblin barely misses you.
You scratch the goblin.
The goblin is severely wounded.
The goblin barely misses you. The hobgoblin barely misses you.
You closely miss the goblin.
The goblin is severely wounded.
The goblin completely misses you. The hobgoblin completely misses you.
You scratch the goblin.
The goblin is severely wounded.
The hobgoblin hits you.
You die...

.. .. .. ..... ..... #.....
+.#... ################
#.....
#.....@g.......#+#..... .
#.....g#..........#.... .?
#......#..........#.... ...
#......#..........#....
[...
#......#g?........#...#
..... #......#h.........#..
#
.$....#########..........##
.........................#
..##+#......hg...........#


You could see a hobgoblin and a goblin.

Vanquished Creatures
  A leopard gecko (D:1)
  2 hobgoblins (D:1)
  2 jackals (D:1)
  3 bats (D:1)
  A kobold (D:1)
  A rat (D:1)
10 creatures vanquished.

Notes
Turn   | Place    | Note
-------+----------+-------------------------------------------
     0 | D:1      | Descartes the Felid Transmuter began the quest for the Orb.
     0 | D:1      | Reached XP level 1. HP: 9/9 MP: 4/4
    67 | D:1      | Reached skill level 1 in Stealth
   143 | D:1      | Reached XP level 2. HP: 3/12 MP: 6/6
   154 | D:1      | Slain by a hobgoblin

Levels and vault maps discovered:
D:1:      scummos_arrival_simple_fountains, layout_basic,
          roderic_serpentine_path, chequers_serial_rivers_micro_b,
          minmay_misc_feat_rows

Skill      XL: |  1 |
---------------+----+-----
Stealth        | 1 |  1.5
Fighting       | |  1.1
Dodging        | |  2.8
Unarmed Combat | |  3.1
Spellcasting   | |  2.0
Transmutations | |  2.3

Action                   || total
-------------------------++-------
Melee: Unarmed           ||    40
       Bite              ||     2
  Eat: Chunk             ||     1
Armor: Skin              ||     1
Dodge: Dodged            ||    42
